AoeStats
← luap4him

Black Forest

507631086Analyzed
4v4 RM · 14d ago on Sep 19, 2026· 71m 5s· 8 players
Game mode
Random Map
Map size
Large (8 player)
Population
200
Speed
Normal
Resources
Standard
Victory
Conquest
Starting age
Dark Age
Ending age
Imperial Age
RankedLock teamsTeams togetherTeam positionsShared explorationLock speedFull tech treeHidden civsTurbo modeCheats
Victory
Defeat
🇫🇷 Malay · France
1398
+8
1328
+11
🇨🇴 Franks · Colombia
1295
+12
🇦🇷 Spanish · Argentina
1290
+12
🇺🇸 Celts · United States
1251
-13
🇺🇸 Mongols · United States
1244
-12
🇺🇸 Vietnamese · United States
1194
-10
🇺🇸 Cumans · United States
1129
-8
ederps24
0:28 Loom
13:04 Feudal Age
15:19 Double-Bit Axe
21:55 Castle Age
19:56 Gold Mining
20:43 Wheelbarrow
20:57 Town Watch
21:27 Fishing Lines
23:01 Stone Mining
25:33 Caravan
28:12 Bow Saw
31:19 Imperial Age
30:08 Husbandry
31:30 Hand Cart
33:09 Forging
33:05 Scale Barding Armor
33:25 Conscription
33:20 Fletching
33:52 Ballistics
33:01 Cavalier
34:44 Chain Barding Armor
35:13 Iron Casting
36:29 Chemistry
36:28 Plate Barding Armor
36:38 Chivalry
38:29 Blast Furnace
37:51 Paladin
39:11 Bodkin Arrow
39:17 Scale Mail Armor
41:11 Light Cavalry
43:04 #83
43:05 Padded Archer Armor
43:21 Chain Mail Armor
43:56 Elite Throwing Axeman
46:29 Masonry
46:37 Leather Archer Armor
46:52 Plate Mail Armor
52:16 Murder Holes
54:17 Pikeman
54:57 Squires
54:43 Arson
55:20 Gambesons
54:56 Man-at-Arms
56:26 Long Swordsman
57:57 Two-Handed Swordsman
60:31 Champion
61:15 Halberdier
63:53 Siege Engineers
64:18 Architecture
66:51 Arrowslits
70:52 Hoardings
70:17 Guard Tower
ip_lucas
2:14 Loom
15:02 Feudal Age
15:16 Double-Bit Axe
15:12 Horse Collar
19:14 Castle Age
17:02 Fishing Lines
19:16 Bow Saw
19:06 Heavy Plow
19:17 Gillnets
22:50 Stone Mining
22:50 Gold Mining
24:11 Wheelbarrow
23:22 Town Watch
25:22 Hand Cart
26:25 Gold Shaft Mining
26:25 Stone Shaft Mining
31:41 Imperial Age
30:50 Heavy Scorpion
31:53 Forging
31:33 Fletching
31:44 Padded Archer Armor
31:49 Scale Barding Armor
32:37 Conscription
32:57 Crop Rotation
33:43 Ballistics
34:24 Chemistry
33:09 Treadmill Crane
33:55 Siege Engineers
34:00 Masonry
35:08 Iron Casting
34:28 Bodkin Arrow
34:49 Leather Archer Armor
35:41 Murder Holes
38:28 Blast Furnace
37:29 Bracer
39:00 Pikeman
39:26 Arson
39:02 Man-at-Arms
39:42 Squires
40:12 Guilds
40:33 Coinage
40:04 Caravan
42:03 Ring Archer Armor
40:54 Long Swordsman
40:55 Halberdier
43:41 Banking
45:22 Forced Levy
45:23 Thalassocracy
44:43 Elite Karambit Warrior
48:39 Two-Handed Swordsman
49:12 Guard Tower
49:44 Bombard Tower
58:05 Keep
63:06 Town Patrol
65:24 Capped Ram
65:24 Onager
M-A
0:26 Loom
12:37 Feudal Age
17:14 Castle Age
15:30 Double-Bit Axe
16:28 Horse Collar
18:23 Heavy Plow
18:35 Bow Saw
23:54 Caravan
27:06 Wheelbarrow
27:46 Gold Mining
29:00 Hand Cart
32:10 Imperial Age
30:06 Husbandry
30:16 Bloodlines
30:25 Padded Archer Armor
30:36 Stone Mining
31:26 Coinage
31:31 Bloodlines
31:53 Leather Archer Armor
32:12 Elite Conquistador
33:32 Ring Archer Armor
33:41 Conscription
35:47 Chemistry
36:36 Fervor
36:47 Sanctity
37:04 Masonry
37:35 Block Printing
44:26 Architecture
43:52 Fletching
44:57 Ballistics
45:39 Bodkin Arrow
46:46 Supremacy
46:44 Squires
59:46 Fortified Wall
63:57 Redemption
63:58 Thumb Ring
63:23 Elite Skirmisher
66:52 Two-Man Saw
66:42 Illumination
69:48 Theocracy
71:21 Scale Barding Armor
71:22 Bracer
70:45 Cavalier
菜B老外输了就骂
8:37 Loom
10:28 Feudal Age
11:31 Fishing Lines
12:15 Double-Bit Axe
13:15 Wheelbarrow
17:45 Castle Age
18:18 Gillnets
18:58 Bow Saw
19:33 Fervor
20:51 Treadmill Crane
26:27 Hand Cart
25:58 Town Watch
26:20 Horse Collar
27:06 Heavy Plow
29:46 Imperial Age
29:29 Chemistry
29:21 Scale Mail Armor
29:31 Forging
29:11 Arson
29:26 Squires
28:46 Pikeman
30:05 Wagenburg Tactics
30:26 Chain Mail Armor
30:47 Iron Casting
30:50 Guilds
31:03 Ballistics
30:25 Halberdier
31:29 Conscription
31:47 Plate Mail Armor
32:23 Two-Man Saw
32:52 Blast Furnace
32:09 Siege Engineers
33:12 Houfnice
41:16 Coinage
49:46 Banking
Games Dean
1:26 Loom
12:57 Feudal Age
13:30 Double-Bit Axe
14:23 Fishing Lines
17:09 Castle Age
18:16 Bow Saw
20:25 Gillnets
24:11 Wheelbarrow
23:57 Gold Mining
24:00 Horse Collar
27:33 Hand Cart
28:08 Gold Shaft Mining
31:00 Imperial Age
28:48 Masonry
28:46 Heavy Plow
28:40 Stone Mining
30:10 Scale Mail Armor
30:21 Forging
31:08 Chain Mail Armor
30:57 Stronghold
31:04 Treadmill Crane
31:45 Ballistics
32:08 Conscription
31:22 Onager
32:57 Iron Casting
33:32 Plate Mail Armor
33:07 Elite Woad Raider
36:00 Blast Furnace
35:46 Siege Onager
37:42 Hoardings
37:21 Siege Engineers
37:37 Ballistics
38:49 Furor Celtica
39:38 Fletching
40:53 Chemistry
39:49 Murder Holes
39:41 Pikeman
40:08 Arson
42:03 Bodkin Arrow
42:30 Halberdier
50:34 Town Watch
50:36 Capped Ram
51:56 Siege Ram
luap4him
11:55 Feudal Age
17:13 Castle Age
15:41 Fishing Lines
16:13 Double-Bit Axe
18:59 Bow Saw
20:24 Gillnets
25:37 Gold Mining
25:39 Stone Mining
27:26 Wheelbarrow
26:37 Loom
26:44 Loom
27:40 Horse Collar
31:20 Imperial Age
29:27 Fletching
29:37 Padded Archer Armor
30:03 Bodkin Arrow
30:37 Hand Cart
31:26 Padded Archer Armor
32:10 Bracer
32:32 Bloodlines
32:23 Husbandry
32:41 Leather Archer Armor
32:36 Thumb Ring
32:57 Parthian Tactics
32:21 Elite Mangudai
33:32 Conscription
33:08 Light Cavalry
33:55 Scale Barding Armor
34:01 Forging
33:17 Heavy Camel Rider
35:18 Iron Casting
35:04 Chain Barding Armor
34:17 Hussar
36:10 Chemistry
35:31 Ballistics
37:21 Blast Furnace
40:14 Hoardings
40:14 Caravan
43:32 Onager
45:36 Drill
44:39 Capped Ram
47:13 Siege Ram
48:20 Heavy Camel Rider
59:47 Siege Engineers
59:52 Masonry
Drunken Wookie
5:14 Loom
11:00 Feudal Age
15:46 Castle Age
14:49 Double-Bit Axe
14:46 Horse Collar
15:37 Scale Barding Armor
16:30 Forging
23:01 Bow Saw
23:23 Heavy Plow
23:44 Capped Ram
26:29 Bloodlines
26:57 Iron Casting
27:38 Chain Barding Armor
29:19 Wheelbarrow
30:15 Fishing Lines
31:00 Hand Cart
30:31 Town Watch
31:33 Gold Mining
32:44 Gillnets
35:45 Imperial Age
34:12 Town Patrol
35:48 Caravan
37:29 Plate Barding Armor
37:51 Elite Steppe Lancer
39:55 Blast Furnace
40:13 Conscription
40:35 Light Cavalry
41:40 Cavalier
42:29 Steppe Husbandry
43:28 Paladin
44:22 Hussar
44:42 Paladin
48:13 Two-Man Saw
50:47 Ballistics
51:27 Chemistry
50:23 Murder Holes
51:37 Hussar
waltersfs97
1:45 Loom
13:32 Feudal Age
15:08 Wheelbarrow
14:58 Double-Bit Axe
15:54 Fishing Lines
16:27 Town Watch
22:50 Castle Age
21:47 Stone Mining
21:48 Gold Mining
23:30 Fletching
23:40 Padded Archer Armor
23:51 Bow Saw
23:36 Gillnets
25:17 Bodkin Arrow
25:38 Leather Archer Armor
31:45 Imperial Age
29:31 Hand Cart
29:16 Town Patrol
30:43 Scale Barding Armor
30:48 Forging
31:45 Ballistics
31:36 Fortified Wall
31:23 Horse Collar
32:07 Chain Barding Armor
32:01 Thumb Ring
32:12 Bloodlines
32:03 Husbandry
32:31 Bracer
34:22 Chemistry
34:18 Paper Money
35:49 Plate Barding Armor
35:55 Ring Archer Armor
39:02 Light Cavalry
44:01 Crossbowman
44:31 Heavy Cavalry Archer
44:56 Cavalier
49:22 Elite Skirmisher
51:52 Imperial Skirmisher
53:49 Two-Man Saw
54:23 Imperial Skirmisher
Connection lost

Rejoining the realm…

Still unreachable

The connection could not be restored.

Session expired

The server has moved on; the page needs a fresh start.